 Dungeon Crawl Stone Soup version 0.30-a0-618-gd6c86c23d0 (webtiles) character file.

Game seed: 15939615810069021209

1301 Leeroy the Grappler (level 8, -1/88 HPs)
             Began as a Green Draconian Transmuter on Jan 9, 2023.
             Succumbed to a killer bee's poison
             ... on level 6 of the Dungeon.
             The game lasted 00:04:25 (3613 turns).

Leeroy the Grappler (Green Draconian Transmuter)    Turns: 3613, Time: 00:04:26

Health: -1/88      AC: 20    Str: 14    XL:     8   Next: 31%
Magic:  9/11       EV:  2    Int: 14    God:
Gold:   273        SH:  0    Dex: 12    Spells: 5/11 levels left

rFire   . . .      SeeInvis .      - Unarmed
rCold   + . .      Faith    .    (no shield)
rNeg    . . .      Spirit   .    (body armour unavailable)
rPois   +          Reflect  .    (helmet currently unavailable)
rElec   .          Harm     .    (cloak currently unavailable)
rCorr   .          Rampage  .    (gloves currently unavailable)
Will    .....      NoTele   +    (boots currently unavailable)
Stlth   +                        (no amulet)
HPRegen 0.34/turn                o - ring of protection from cold
MPRegen 0.12/turn                (no ring)

@: lethally poisoned (-1 -> -17), tree-form, wereblooded, corroded
A: stationary, stasis, torment immunity, boosted hp, (breathe noxious fumes), AC
+6, unfitting armour, (poison resistance), (cold-blooded)
a: no special abilities


You were on level 6 of the Dungeon.
You were a tree.
You visited 1 branch of the dungeon, and saw 6 of its levels.

You collected 273 gold pieces.

Inventory:

Hand Weapons
 p - a +1 falchion of electrocution
Missiles
 d - 8 poisoned darts
Jewellery
 o - a ring of protection from cold (left branch)
 u - a ring of protection from cold
Scrolls
 b - 2 scrolls of identify {unknown}
 f - 2 scrolls of summoning {unknown}
 g - 2 scrolls of noise {unknown}
 l - a scroll of fear {unknown}
 m - 3 scrolls of immolation {unknown}
 r - a scroll of enchant weapon {unknown}
 s - a scroll of poison {unknown}
 t - a scroll of teleportation {unknown}
 v - a scroll of vulnerability {unknown}
Potions
 a - 2 potions of lignification
 c - a potion of ambrosia {unknown}
 e - 3 potions of degeneration {unknown}
 h - 2 potions of cancellation {unknown}
 i - 4 potions of curing {unknown}
 j - 3 potions of attraction {unknown}
 k - a potion of haste {unknown}
 n - 2 potions of magic {unknown}
 q - a potion of mutation {unknown}
 w - 2 potions of heal wounds {unknown}


   Skills:
 - Level 1.1 Fighting
 - Level 1.7 Dodging
 + Level 10.4 Unarmed Combat
 - Level 2.0 Spellcasting
 + Level 2.5 Transmutations
 - Level 0.2 Poison Magic


You had 5 spell levels left.
You knew the following spells:

 Your Spells              Type           Power      Damage    Failure   Level
a - Beastly Appendage     Tmut           16%        N/A       9%          1
b - Wereblood             Tmut           8%         N/A       12%         2
c - Spider Form           Tmut/Pois      5%         N/A       38%         3

Your spell library contained the following spells:

 Spells                   Type           Power      Damage    Failure   Level
 Searing Ray              Conj           2%         2d4       34%         2
 Stone Arrow              Conj/Erth      2%         3d7       56%         3
 Ice Form                 Ice/Tmut       5%         N/A       80%         4
 Sticky Flame             Conj/Fire      1%         2d3       93%         4
 Conjure Ball Lightning   Conj/Air       0%         3x3d6     100%        6


Dungeon Overview and Level Annotations

Branches:
Dungeon (6/15)
 Temple: D:4-7

Altars:


Innate Abilities, Weirdness & Mutations

You are a tree.
Your roots penetrate the ground, keeping you stationary.
You cannot be teleported.
You are immune to unholy pain and torment.
Your maximum health is greatly increased.
Your equipment is partially melded.
((You can breathe blasts of noxious fumes.))
((Your lurid green scales are hard. (AC +6)))
You cannot fit into any form of body armour.
((Your system is resistant to poisons. (rPois)))
((You are cold-blooded and may be slowed by cold attacks.))


Message History

The killer bee barely misses you. x2
The killer bee stings you but does no damage.
The killer bee stings you.
* * * LOW HITPOINT WARNING * * *
Okay, then.
Okay, then.
You aren't carrying any items that you can evoke.
Sorry, you're not good enough to have a special ability.
Casting: Beastly Appendage (safe; 9% risk of failure)
Confirm with . or Enter, or press ? or * to list all spells.
Okay, then.
You closely miss the killer bee.
The killer bee is moderately wounded.
The killer bee stings you but does no damage.
The killer bee stings you.
* * * LOW HITPOINT WARNING * * *
You are poisoned.
The killer bee poisons you!
The killer bee stings you but does no damage.
The black bear completely misses the killer bee.
The black bear claws the killer bee. x2
Casting: Beastly Appendage (safe; 9% risk of failure)
Confirm with . or Enter, or press ? or * to list all spells.
You are stuck in your current form!
Casting: Beastly Appendage (safe; 9% risk of failure)
Confirm with . or Enter, or press ? or * to list all spells.
Your blood is infused with primal strength.
You have got your breath back.
* * * LOW HITPOINT WARNING * * *
You feel very sick.
The killer bee stings you but does no damage. x5
The killer bee stings you!
* * * LOW HITPOINT WARNING * * *
You are more poisoned.
The killer bee poisons you!
The black bear barely misses the killer bee.
The black bear misses the killer bee. x2
You barely miss the killer bee.
The killer bee is moderately wounded.
You die...

#...# #...#
#...####.#
#........#
#..<.##.<.
#..........
#y..##.....


#yyh# ..#. #♣y.# y# ##### # You could see a black bear (confused, corroded) and
4 killer bees.

Vanquished Creatures
  Pikel (D:5)
  An ice beast (D:5)
  An ogre (D:4)
  2 black bears
  A phantom (D:4)
  A necrophage (D:5)
  A killer bee (D:6)
  2 hounds
  A jelly (D:6)
  An iguana (D:4)
  3 gnolls
  9 adders
  2 worms
  7 dart slugs
  6 orcs
  7 endoplasms
  4 giant cockroaches
  2 goblins
  6 hobgoblins
  4 quokkas
  10 ball pythons
  7 bats
  3 frilled lizards (D:2)
  3 kobolds
  A rat (D:3)
86 creatures vanquished.

Vanquished Creatures (others)
  2 plants (D:1)
2 creatures vanquished.

Grand Total: 88 creatures vanquished

Notes
Turn   | Place    | Note
-------+----------+-------------------------------------------
     0 | D:1      | Leeroy the Draconian Transmuter began the quest for the
                  | Orb.
     0 | D:1      | Reached XP level 1. HP: 16/16 MP: 3/3
   140 | D:1      | Reached XP level 2. HP: 15/23 MP: 5/5
   148 | D:1      | Reached skill level 4 in Unarmed Combat
   234 | D:1      | Found a faded altar of an unknown god.
   322 | D:1      | Reached XP level 3. HP: 14/28 MP: 4/6
   447 | D:1      | Got the Compilation of Blows and the Birds
   861 | D:2      | Learned a level 2 spell: Wereblood
   865 | D:2      | Learned a level 3 spell: Spider Form
  1064 | D:2      | Reached XP level 4. HP: 29/35 MP: 7/7
  1160 | D:2      | Reached skill level 5 in Unarmed Combat
  2388 | D:4      | Reached XP level 5. HP: 38/40 MP: 8/8
  2389 | D:4      | Noticed a black bear
  2396 | D:5      | Entered Level 5 of the Dungeon
  2441 | D:5      | Reached skill level 6 in Unarmed Combat
  2676 | D:5      | Noticed a black bear
  2685 | D:5      | Killed a black bear
  2686 | D:5      | Reached XP level 6. HP: 30/47 MP: 6/9
  2782 | D:5      | Reached skill level 7 in Unarmed Combat
  2867 | D:5      | Noticed Pikel
  3079 | D:4      | Reached skill level 8 in Unarmed Combat
  3079 | D:4      | Your scales start taking on a lurid green colour.
  3079 | D:4      | Reached XP level 7. HP: 47/52 MP: 10/10
  3079 | D:4      | Gained mutation: Your system is resistant to poisons.
                  | (rPois) [Green Draconian growth]
  3473 | D:5      | Killed Pikel
  3474 | D:5      | Reached skill level 10 in Unarmed Combat
  3474 | D:5      | Reached XP level 8. HP: 54/59 MP: 11/11
  3612 | D:6      | HP: 2/88 [killer bee (7)]
  3613 | D:6      | Succumbed to a killer bee's poison

Illustrated notes

Levels and vault maps discovered:
D:1:      heliophobic_arrival_glass_houses, layout_rooms,
          hellmonk_ecumenical_altar_pennies_from_heaven, nicolae_grassy_gnolls
D:2:      layout_basic
D:3:      layout_loops_corners
D:4:      layout_cave_pools, st_stairs_4, kennysheep_generic_room_11
D:5:      layout_cave_pools, mainiacjoe_overflow_catwalk_spiral,
          mainiacjoe_overflow_paths, serial_shops, kennysheep_mini, uniq_pikel
D:6:      layout_rooms, makhleb_heckhound_becter,
          gammafunk_temple_overflow_elements, minmay_temple_entry_steel_oval

Skill      XL: |  1  2  3  4  5  6  7 |
---------------+----------------------+-----
Unarmed Combat | 4 5 6 8 10 | 10.4
Fighting       | |  1.1
Dodging        | |  1.7
Spellcasting   | |  2.0
Transmutations | |  2.5
Poison Magic   | |  0.2

Action                   |  1- 3 |  4- 6 |  7- 9 || total
-------------------------+-------+-------+-------++-------
Melee: Unarmed           |    88 |   168 |    67 ||   323
       Tailslap          |    16 |    17 |    14 ||    47
       Punch             |     2 |     1 |     2 ||     5
       Kick              |     4 |    12 |       ||    16
       Headbutt          |     1 |     9 |       ||    10
 Cast: Beastly Appendage |     4 |    13 |       ||    17
       Spider Form       |       |     2 |       ||     2
       Wereblood         |       |       |     1 ||     1
 Abil: Breathe Noxious F |       |       |     3 ||     3
  Use: Potion            |       |       |     1 ||     1
 Stab: Sleeping          |     2 |     1 |       ||     3
       Confused          |       |       |     1 ||     1
Armor: Skin              |    30 |    50 |    48 ||   128
Dodge: Dodged            |    38 |   124 |    46 ||   208

Table legend: (Time is in decaauts)
 A = Elapsed time spent in this place.
 B = Non-inter-level travel time spent in this place.
 C = Inter-level travel time spent in this place.
 D = Time resting spent in this place.
 E = Time spent auto-exploring this place.
 F = Levels seen in this place.
 G = Mean time per level.
                   A        B        C        D        E       F      G
               +--------+--------+--------+--------+--------+-----+--------+
         Total |   3585 |   3559 |     26 |    363 |   2527 |   6 |  597.5 |
       Dungeon |   3585 |   3559 |     26 |    363 |   2527 |   6 |  597.5 |
               +--------+--------+--------+--------+--------+-----+--------+

Top non-repeatable levels by time:
     D:3: 945 daAuts
     D:5: 786 daAuts
     D:1: 754 daAuts
     D:2: 608 daAuts
     D:4: 474 daAuts
     D:6: 16 daAuts
